 Dungeon Crawl Stone Soup version 0.29-a0-483-g69413ace17 (webtiles) character file.

Game seed: 11181157253573343898

323141 avis the Apostle (level 21, -5/209 (211) HPs)
             Began as a Hill Orc Monk on May 22, 2022.
             Was a High Priest of Beogh.
             Blown up by a lich (50 damage)
             ... with an orb of destruction
             ... on level 5 of the Vaults on May 25, 2022.
             The game lasted 11:07:14 (67923 turns).

avis the Apostle (Hill Orc Monk)                   Turns: 67923, Time: 11:07:15

HP:   -5/209 (211)  AC: 43    Str: 26    XL:     21   Next: 56%
MP:   36/36         EV:  8    Int: 26    God:    Beogh [*****.]
Gold: 2587          SH: 14    Dex: 13    Spells: 17/20 levels left

rFire   + . .      SeeInvis .   a - +9 broad axe (elec)
rCold   + . .      Faith    +   o - +1 kite shield of Thoughtfulness {Int+4}
rNeg    . . .      Spirit   .   h - +8 orange crystal plate armour {Archmagi, Int+3 Clar}
rPois   .          Reflect  .   i - +2 helmet {Int+3}
rElec   .          Harm     .   v - +0 cloak
rCorr   .          Rampage  .   (no gloves)
Will    +....      Archmagi +   q - +1 pair of boots "Loiw" {Slay+3}
Stlth   .......... Clarity  +   t - amulet of faith
HPRegen 0.44/turn               Y - ring of Spontaneous Combustion {Contam rF+ rC+ Str+5}
MPRegen 0.25/turn               K - ring of Udefec {Fly AC+4 Int+2}

@: flying, slowed, lightly drained, very slow
A: walk on water, subdued magic 1
}: 2/15 runes: barnacled, gossamer
a: Renounce Religion, Smiting, Recall Orcish Followers, Give Item to Named
Follower


You were on level 5 of the Vaults.
You worshipped Beogh.
Beogh was extremely pleased with you.
You visited 9 branches of the dungeon, and saw 39 of its levels.
You visited the Abyss 1 time.
You also visited: Bailey, Gauntlet, Ice Cave and Volcano.

You collected 6872 gold pieces.
You spent 4285 gold pieces at shops.

Inventory:

Hand Weapons
 a - a +9 broad axe of electrocution (weapon)
 b - a +2 vampiric war axe
 w - a +3 vampiric battleaxe
Missiles
 r - 5 atropa-tipped darts
 s - 14 throwing nets
Armour
 e - quicksilver dragon scales
 h - the +8 orange crystal plate armour (worn) {Archmagi, Int+3 Clar}
   (You acquired it on level 2 of the Orcish Mines)

   Int:       It affects your intelligence (+3).
   Clar:      It protects you against confusion.
 i - a +2 helmet of intelligence (worn)
 o - the +1 kite shield of Thoughtfulness (worn) {Int+4}
   (You took it off Donald on level 4 of the Spider Nest)

   Int:       It affects your intelligence (+4).
 q - the +1 pair of boots "Loiw" (worn) {Slay+3}
   (You found it in a Gauntlet)

   Slay:      It affects your accuracy & damage with ranged weapons and melee
   (+3).
 v - a +0 cloak (worn)
Jewellery
 t - an amulet of faith (around neck)
 u - a ring of poison resistance
 K - the ring of Udefec (right hand) {Fly AC+4 Int+2}
   (You found it on level 4 of the Shoals)

   [ring of protection]

   AC:        It affects your AC (+4).
   Int:       It affects your intelligence (+2).
   Fly:       It grants you flight.
 S - a ring of see invisible
 Y - the ring of Spontaneous Combustion (left hand) {Contam rF+ rC+ Str+5}
   (You found it on level 8 of the Dungeon)

   [ring of protection from fire]

   Str:       It affects your strength (+5).
   rF:        It protects you from fire.
   rC:        It protects you from cold.
   Contam:    It causes magical contamination when unequipped.
Wands
 d - a wand of iceblast (39)
 g - a wand of paralysis (25)
 j - a wand of charming (10)
 E - a wand of polymorph (16)
 G - a wand of acid (6) (quivered)
 O - a wand of mindburst (8)
 R - a wand of digging (21)
 V - a wand of flame (70)
Scrolls
 c - 17 scrolls of teleportation
 n - 4 scrolls of magic mapping
 y - 3 scrolls of fear
 A - 6 scrolls of blinking
 I - 6 scrolls of fog
Potions
 k - 10 potions of might
 m - 6 potions of curing
 p - 3 potions of berserk rage
 z - 6 potions of resistance
 C - 5 potions of magic
 F - 7 potions of ambrosia
 H - 3 potions of cancellation
 J - 6 potions of invisibility
 N - 5 potions of haste
 U - a potion of brilliance
Miscellaneous
 f - a phantom mirror
 l - a phial of floods
 L - a piece from Xom's chessboard (15/15)
 P - a box of beasts
 X - a condenser vane


   Skills:
 - Level 23.0 Fighting
 - Level 20.0 Axes
 - Level 15.0 Armour
 - Level 10.0 Dodging
 - Level 1.5 Stealth
 - Level 15.0 Shields
 * Level 2.9 Ice Magic
 - Level 23.0 Invocations
 - Level 9.0 Evocations


You had 17 spell levels left.
You knew the following spells:

 Your Spells              Type           Power      Damage    Failure   Level
a - Ozocubu's Armour      Ice            17%        N/A       99%         3

Your spell library contained the following spells:

 Spells                   Type           Power      Damage    Failure   Level
 Freeze                   Ice            68%        1d8       82%         1
 Apportation              Tloc           0%         N/A       99%         1
 Beastly Appendage        Tmut           0%         N/A       99%         1
 Foxfire                  Conj/Fire      0%         2x1d4     99%         1
 Necrotize                Necr           0%         1d4       99%         1
 Sandblast                Erth           0%         2d4       99%         1
 Shock                    Conj/Air       0%         1d3       99%         1
 Slow                     Hex            0%         N/A       99%         1
 Summon Small Mammal      Summ           0%         N/A       99%         1
 Ensorcelled Hibernation  Hex/Ice        16%        N/A       99%         2
 Frozen Ramparts          Ice            34%        1d5       99%         3
 Passwall                 Tmut/Erth      0%         N/A       100%        2
 Wereblood                Tmut           0%         N/A       100%        2
 Call Canine Familiar     Summ           0%         N/A       100%        3
 Confusing Touch          Hex            0%         N/A       100%        3
 Conjure Flame            Conj/Fire      0%         6-21      100%        3
 Dazzling Flash           Conj/Hex       0%         N/A       100%        3
 Gell's Gravitas          Tloc           0%         N/A       100%        3
 Inner Flame              Hex/Fire       0%         N/A       100%        3
 Lesser Beckoning         Tloc           0%         N/A       100%        3
 Spider Form              Tmut/Pois      0%         N/A       100%        3
 Stone Arrow              Conj/Erth      0%         3d7       100%        3
 Summon Guardian Golem    Hex/Summ       0%         N/A       100%        3
 Swiftness                Air            0%         N/A       100%        3
 Teleport Other           Tloc           0%         N/A       100%        3
 Tukima's Dance           Hex            0%         N/A       100%        3
 Vampiric Draining        Necr           0%         2d6       100%        3
 Airstrike                Air            0%         N/A       100%        4
 Animate Armour           Summ/Erth      0%         N/A       100%        4
 Corpse Rot               Necr/Pois/Air  0%         N/A       100%        4
 Dispel Undead            Necr           0%         3d6       100%        4
 Flame Wave               Conj/Fire      0%         2d4       100%        4
 Hailstorm                Conj/Ice       8%         3d4       100%        4
 Passage of Golubria      Tloc           0%         N/A       100%        4
 Petrify                  Tmut/Erth      0%         N/A       100%        4
 Agony                    Necr           0%         N/A       100%        5
 Blade Hands              Tmut           0%         N/A       100%        5
 Fireball                 Conj/Fire      0%         3d3       100%        5
 Iskenderun's Battlesphe  Conj           0%         2d6       100%        5
 Silence                  Hex/Air        0%         N/A       100%        5
 Yara's Violent Unravell  Hex/Tmut       0%         3d3       100%        5
 Conjure Ball Lightning   Conj/Air       0%         3x3d6     100%        6
 Death Channel            Necr           0%         N/A       100%        6
 Iron Shot                Conj/Erth      0%         9d1       100%        6
 Statue Form              Tmut/Erth      0%         N/A       100%        6
 Enfeeble                 Hex            0%         N/A       100%        7
 Haunt                    Necr/Summ      0%         N/A       100%        7
 Orb of Destruction       Conj           0%         9d5       100%        7
 Ozocubu's Refrigeration  Ice            8%         4d6       100%        7
 Spellforged Servitor     Conj/Summ      0%         N/A       100%        7
 Discord                  Hex            0%         N/A       100%        8
 Disjunction              Tloc           0%         N/A       100%        8
 Lehudib's Crystal Spear  Conj/Erth      0%         10d2      100%        8
 Death's Door             Necr           0%         N/A       100%        9


Dungeon Overview and Level Annotations

Branches:
Dungeon (15/15)            Temple (1/1) D:6            Lair (6/6) D:11
 Shoals (4/4) Lair:2       Spider (4/4) Lair:2        Slime (0/5) Lair:6
    Orc (2/2) D:11            Elf (1/3) Orc:2        Vaults (5/5) D:13
  Crypt (0/3) Vaults:2     Depths (1/4) D:15         Bailey (visited)
  IceCv (visited)         Volcano (visited)         Gauntlet (visited)

Altars:
Gozag
Kikubaaqudgha
Vehumet
Xom
Yredelemnul

Shops:
D:3 [   D:14 =   D:15 *   Orc:2 ?:=:   Vaults:2 [   Vaults:3 *

Portals:
Hell: Depths:1
Abyss: Depths:1


Innate Abilities, Weirdness & Mutations

You can walk on water.
Your spells are a little easier to cast, but a little less powerful.


Message History

You hear some strange, mumbled words.
Something touches you!
The tengu reaver shouts!
You hear some strange, mumbled words.
A bolt of cold appears from out of thin air!
The bolt of cold hits you. You resist.
The tengu reaver gestures at you while chanting.
The bolt of fire hits you! You resist.
You hear a shout!
Something touches you but does no damage.
A yaktaur captain comes into view.
Something touches you but does no damage.
Something touches you.
You feel drained. You block the tengu reaver's attack.
The tengu reaver pecks you but does no damage.
The tengu reaver claws you but does no damage.
Something touches you but does no damage.
The yaktaur captain wields a +0 arbalest.
The yaktaur captain shoots a bolt.
The bolt hits you.
The tengu reaver hits you with a +1 battleaxe of freezing!
You block the tengu reaver's attack. The tengu reaver claws you.
Something conjures a glowing orb.
The wavering orb of destruction weakly hits you.
The yaktaur captain shoots a bolt.
The bolt hits you!!
The tengu reaver points at you and mumbles some strange words.
The bolt of fire misses you.
Something touches you but does no damage.
The yaktaur captain shoots a bolt.
You block the bolt. The tengu reaver barely misses you.
The tengu reaver pecks you but does no damage.
You block the tengu reaver's attack.
You hear some strange, mumbled words.
A bolt of cold appears from out of thin air!
The bolt of cold hits you!!! You resist.
* * * LOW HITPOINT WARNING * * *
Something conjures a glowing orb.
The yaktaur captain shoots a bolt.
You block the bolt.
An orb of destruction comes into view.
A lich appears from thin air!
Reactivating autopickup.
The orb of destruction hits you!!!
You die...

. ##........##....#..# .
..........##....#..# .
..........##....#..#
..........##....#..#
...........#....#..#####..
...........#....#.........
...####...................
#################........########
..............Q.@...<<...........
)[............Lā—‹.[.<..<..........
..............ā—‹.....<<...........
................c................
#################........########
.........................
...#......#....#..##.....
##.....#....#..# ....
#.....#....#...# ...


You could see a tengu reaver, a lich (fast) and a yaktaur captain.

Vanquished Creatures
  Boris (Depths:1)
  Arachne (Spider:4)
  Asterion (Vaults:2)
  Jorgrun (Elf:1)
  A tentacled starspawn (Abyss:2)
  A kraken (Shoals:2)
  A sphinx (Depths:1)
  Donald (Spider:4)
  Roxanne (Spider:4)
  Ilsuiw (Shoals:3)
  3 frost giants
  A deep elf sorcerer (Elf:1)
  3 ghost moths
  2 emperor scorpions (Spider:4)
  6 vault wardens
  A caustic shrike zombie (D:15)
  10 ironbound preservers
  8 very ugly things
  An ironbound thunderhulk (Vaults:4)
  6 stone giants
  9 broodmothers
  A vampire knight (Depths:1)
  2 war gargoyles (Vaults:4)
  3 entropy weavers
  A minotaur (Gauntlet)
  6 dire elephants (Vaults:4)
  A deep elf annihilator (Depths:1)
  A spark wasp (Spider:4)
  A deep elf death mage (Vaults:4)
  A statue (Depths:1)
  7 merfolk impalers
  4 merfolk javelineers
  3 yaktaur captains
  A spriggan zombie (Abyss:2)
  A rakshasa (D:13)
  A great orb of eyes (Vaults:1)
  6 boulder beetles
  4 ironbound frosthearts
  A peacekeeper (Vaults:4)
  6 hydras
  Erolcha (D:9)
  A radroach (Spider:4)
  A salamander tyrant (Depths:1)
  Harold (D:10)
  A catoblepas (D:15)
  2 spriggan air magi (Depths:1)
  19 vault guards
  8 ogre magi
  4 merfolk aquamancers
  3 merfolk avatars
  8 centaur warriors
  An alligator snapping turtle (Shoals:4)
  19 two-headed ogres
  5 dancing weapons (Elf:1)
  A satyr (Shoals:3)
  2 deep troll shamans (Depths:1)
  2 deep troll earth magi (Depths:1)
  2 tengu warriors
  An orc high priest (Elf:1)
  4 thrashing horrors (Abyss:2)
  A hell knight (Volcano)
  A sixfirhy (Abyss:2)
  A deep elf knight (Elf:1)
  A storm dragon zombie (D:15)
  A salamander mystic (Volcano)
  2 iron trolls (Depths:1)
  6 skeletal warriors
  6 pharaoh ants
  7 sea snakes
  18 deep trolls
  4 orb spiders
  An obsidian statue (Vaults:3)
  A flayed ghost (D:14)
  2 steelbarb worms (Spider:4)
  10 ironbound convokers
  6 wizards
  2 lindwurms (Vaults:4)
  6 deep elf zephyrmancers (Elf:1)
  7 manticores
  11 deep elf pyromancers
  3 necromancers
  3 oklob plants
  25 ugly things
  3 harpies (Shoals:4)
  A stone giant zombie (D:15)
  An orc sorcerer (Orc:1)
  11 wolf spiders
  7 cyclopes
  6 fauns
  5 salamanders (Volcano)
  2 worldbinders (Abyss:2)
  8 merfolk sirens
  A frost giant skeleton (Vaults:2)
  7 vault sentinels
  5 elephants (Lair:5)
  A moth of wrath (Spider:4)
  5 black mambas
  Joseph (D:9)
  A gargoyle (D:10)
  4 large abominations
  2 water nymphs
  An ice statue (IceCv)
  A smoke demon (Abyss:2)
  2 minotaur zombies (Gauntlet)
  Maggie (D:6)
  13 cane toads
  8 torpor snails
  3 rime drakes
  A demonic crawler (Spider:1)
  27 yaktaurs
  5 freezing wraiths
  3 tengu conjurers
  13 ice devils (IceCv)
  6 komodo dragons
  An ancient zyme (Abyss:2)
  3 entropy weaver simulacra (IceCv)
  An anaconda simulacrum (IceCv)
  30 merfolk
  A meliai (D:8)
  A queen bee (Gauntlet)
  14 tarantellas
  A yaktaur skeleton (Vaults:2)
  4 wind drakes
  9 slime creatures
  5 trolls
  2 tyrant leeches (Lair:6)
  4 hornets
  15 blink frogs
  A snapping turtle (Shoals:4)
  8 raiju (Abyss:2)
  17 dream sheep
  A jumping spider (shapeshifter) (D:14)
  11 culicivoras
  3 shadows
  A vampire (D:12)
  Sigmund (D:6)
  21 jumping spiders
  A wraith (D:14)
  51 yaks
  15 water elementals
  5 wyverns
  A dire elephant simulacrum (IceCv)
  4 starcursed masses (Abyss:2)
  A ynoxinul (Abyss:2)
  9 fire bats
  A fire elemental (Elf:1)
  A basilisk (Lair:5)
  2 neqoxecs (Abyss:2)
  33 redbacks
  3 death yak simulacra (IceCv)
  8 vampire mosquitoes
  2 harpy simulacra (IceCv)
  3 wargs
  12 water moccasins
  A floating eye (Orc:1)
  3 orc warriors
  An ice beast (D:7)
  2 black bears
  A meliai simulacrum (D:13)
  3 sky beasts
  7 boggarts
  5 centaurs
  23 ogres
  11 wolves
  A kobold brigand (D:9)
  8 bullfrogs
  Blork the orc (D:5)
  A gnoll sergeant (D:4)
  2 necrophages
  3 earth elementals (Elf:1)
  4 scorpions
  4 cane toad simulacra (IceCv)
  4 wights (D:9)
  10 killer bees
  2 elephant simulacra (IceCv)
  2 vampire bats (Orc:1)
  3 howler monkeys
  2 electric eels
  4 lava snakes (Volcano)
  3 hounds
  7 orc priests
  Crazy Yiuf (D:6)
  3 iguanas
  Ijyb (D:5)
  6 orc wizards
  A spriggan simulacrum (IceCv)
  7 hell rats
  4 polar bear simulacra (IceCv)
  5 small abominations
  7 wolf simulacra (IceCv)
  12 gnolls
  7 adders
  A naga simulacrum (IceCv)
  9 white imps
  5 ufetubi
  3 worms
  4 dart slugs
  28 orcs
  4 endoplasms
  4 giant cockroaches
  11 goblins
  4 hobgoblins
  4 jackals (D:1)
  10 kobolds
  2 quokkas (D:2)
  7 ball pythons
  18 bats
  4 frilled lizards
  4 rats
1078 creatures vanquished.

Vanquished Creatures (collateral kills)
  Boris (Vaults:1)
  Bai Suzhen (Spider:3)
  2 liches (Vaults:4)
  Rupert (Lair:3)
  A quicksilver dragon (Vaults:4)
  The ghost of Gizecwe the Grand Scion, an adept DsMo of Hepliaklqana (Vaults:3)
  A shadow dragon (Vaults:4)
  A frost giant (Vaults:4)
  A fire giant (Vaults:4)
  An emperor scorpion (Spider:3)
  Aizul (Shoals:3)
  A deep elf sorcerer (Vaults:4)
  3 vault wardens
  A broodmother (Spider:4)
  8 ironbound preservers
  4 ironbound thunderhulks
  A deep elf demonologist (Vaults:4)
  3 very ugly things (Vaults:4)
  5 stone giants (Vaults:4)
  4 dire elephants (Vaults:4)
  A vampire knight (Depths:1)
  An entropy weaver (Spider:3)
  A bunyip (shapeshifter) (Vaults:4)
  3 statues (Depths:1)
  3 ettins
  6 merfolk impalers
  4 merfolk javelineers
  A fire dragon (Depths:1)
  A deep elf high priest (Vaults:4)
  4 great orbs of eyes
  4 yaktaur captains
  2 rakshasas (Depths:1)
  14 vault guards
  3 boulder beetles
  A spriggan air mage (Depths:1)
  7 hydras
  6 ironbound frosthearts
  A salamander tyrant (Depths:1)
  A peacekeeper (Vaults:4)
  4 merfolk aquamancers (Shoals:4)
  An ogre mage (Vaults:4)
  2 two-headed ogres (D:14)
  A merfolk avatar (Shoals:3)
  A death knight (D:15)
  3 tengu warriors
  An alligator snapping turtle (Shoals:3)
  4 dancing weapons (Elf:1)
  2 radroaches
  3 centaur warriors
  A satyr (Shoals:3)
  2 deep troll earth magi (Vaults:4)
  2 deep troll shamans
  A hell knight (Vaults:4)
  3 skeletal warriors
  2 iron trolls (Depths:1)
  19 deep trolls
  A pharaoh ant (Spider:3)
  6 sea snakes
  3 orb spiders
  2 deep elf archers (Vaults:4)
  2 steelbarb worms
  7 ironbound convokers
  A harpy (Shoals:4)
  A lindwurm (Vaults:4)
  4 wizards
  2 deep elf pyromancers (Elf:1)
  2 orc knights (Vaults:4)
  An oklob plant (Shoals:1)
  2 deep elf zephyrmancers (Elf:1)
  9 wolf spiders
  7 fauns
  18 ugly things
  An iron dragon zombie (D:15)
  6 cyclopes
  10 manticores
  A moth of wrath (Spider:3)
  2 elephants (Lair:5)
  5 merfolk sirens
  2 water nymphs
  3 vault sentinels
  4 cane toads (Lair:6)
  A rime drake (Lair:3)
  A torpor snail (Spider:2)
  A kobold demonologist (D:12)
  A freezing wraith (D:15)
  6 komodo dragons
  10 yaktaurs
  4 demonic crawlers
  An efreet (D:15)
  2 tengu conjurers (Depths:1)
  26 merfolk
  A troll (D:13)
  A polar bear (Lair:6)
  3 meliai (Spider:2)
  2 tyrant leeches (Lair:6)
  9 tarantellas
  5 dream sheep
  11 slime creatures
  4 blink frogs
  8 snapping turtles
  10 jumping spiders
  A centaur simulacrum (D:14)
  A spriggan (shapeshifter) (Vaults:3)
  A shadow (D:12)
  8 culicivoras
  A wraith (D:13)
  2 wyverns
  6 water elementals
  23 yaks
  A fire elemental (Elf:1)
  4 basilisks
  2 vampire mosquitoes
  25 redbacks
  An acid dragon (D:13)
  5 water moccasins
  A floating eye (Orc:1)
  An ogre skeleton (Vaults:2)
  5 orc warriors
  An ice beast (D:8)
  A sky beast (shapeshifter) (Elf:1)
  3 ogres (Orc:2)
  A boggart (D:13)
  5 centaurs
  4 wolves
  A kobold brigand (D:12)
  A gnoll sergeant (D:11)
  An earth elemental (Elf:1)
  A scorpion (D:7)
  5 bullfrogs
  A wight (D:9)
  3 killer bees
  A howler monkey (D:13)
  3 electric eels
  A small abomination (Gauntlet)
  A lava snake (Volcano)
  2 orc priests
  3 orc wizards
  3 hell rats (Lair:4)
  4 white imps (Lair:6)
  9 orcs
  5 kobolds
  A tentacle (Shoals:2)
516 creatures vanquished.

Vanquished Creatures (others)
  5 orc warlords
  An ettin (Depths:1)
  4 orc knights
  An orc high priest (D:15)
  Nergalle (Vaults:4)
  7 orc warriors
  2 orc sorcerers
  A yaktaur (Vaults:2)
  11 orc priests
  A culicivora (Spider:3)
  A kobold brigand (D:12)
  16 orc wizards
  36 orcs
  27 fungi
  207 plants
  2 starspawn tentacles (Abyss:2)
  4 tentacles (Shoals:2)
  2 withered plants (D:15)
329 creatures vanquished.

Grand Total: 1923 creatures vanquished

Notes
Turn   | Place    | Note
-------+----------+-------------------------------------------
     0 | D:1      | avis the Hill Orc Monk began the quest for the Orb.
     0 | D:1      | Reached XP level 1. HP: 19/19 MP: 1/1
   180 | D:1      | Reached XP level 2. HP: 26/26 MP: 2/2
   260 | D:1      | Reached skill level 5 in Axes
   374 | D:1      | Reached XP level 3. HP: 28/31 MP: 3/3
   433 | D:1      | Found a faded altar of an unknown god.
  1086 | D:2      | Reached XP level 4. HP: 36/40 MP: 4/4
  1652 | D:3      | Found a shimmering altar of Xom.
  1846 | D:3      | Found Nahuo's Armour Emporium.
  2086 | D:3      | Identified the +4 ring mail "Toeneyz" {Str+6 Int-5 Dex-4
                  | Slay+2}
  2265 | D:3      | Reached XP level 5. HP: 46/46 MP: 5/5
  2744 | D:4      | Noticed an ogre
  2752 | D:4      | Killed an ogre
  2886 | D:4      | Reached XP level 6. HP: 49/53 MP: 6/6
  2999 | D:4      | Reached skill level 5 in Fighting
  3029 | D:4      | Noticed a black bear
  3329 | D:4      | Reached XP level 7. HP: 58/61 MP: 7/7
  3356 | D:4      | Reached skill level 10 in Axes
  3859 | D:5      | Entered Level 5 of the Dungeon
  3910 | D:4      | Became a worshipper of Beogh the Brigand
  3910 | D:4      | Reached * piety under Beogh
  3910 | D:4      | Reached ** piety under Beogh
  4094 | D:5      | Noticed Blork the orc
  4100 | D:5      | Killed Blork the orc
  4101 | D:5      | Reached skill level 1 in Invocations
  4530 | D:5      | Reached XP level 8. HP: 67/70 MP: 9/9
  4816 | D:5      | Noticed Ijyb
  4825 | D:5      | Killed Ijyb
  5163 | D:6      | Found a staircase to the Ecumenical Temple.
  5184 | Temple   | Entered the Ecumenical Temple
  5296 | D:6      | Noticed Sigmund
  5300 | D:6      | Noticed Maggie
  5347 | D:6      | Killed Maggie
  5355 | D:6      | Killed Sigmund
  5419 | D:6      | Reached XP level 9. HP: 60/79 MP: 10/10
  5702 | D:6      | Found a runed translucent door.
  5703 | D:6      | Noticed Crazy Yiuf
  5709 | D:6      | Killed Crazy Yiuf
  5715 | D:6      | Identified the +7 mace of the End {pain, rPois Str+2}
  6262 | D:7      | Reached *** piety under Beogh
  6643 | D:7      | Reached skill level 15 in Axes
  7295 | D:8      | Found a flagged portal.
  7322 | Bailey   | Entered a bailey
  8301 | D:8      | Reached XP level 10. HP: 71/88 MP: 12/12
  8769 | D:8      | Found a runed translucent door.
  8769 | D:8      | Noticed a cyclops
  8771 | D:8      | Noticed a wolf spider
  8771 | D:8      | Noticed a white ugly thing
  8771 | D:8      | Noticed a centaur warrior
  8771 | D:8      | Identified the ring of Nacha {rF+ rC++}
  8771 | D:8      | Noticed an orc knight
  9135 | D:9      | Noticed Joseph
  9141 | D:9      | Noticed Erolcha
  9142 | D:9      | Paralysed by Joseph for 2 turns
  9145 | D:9      | Killed Joseph
  9166 | D:9      | Killed Erolcha
  9166 | D:9      | Gained Bogfrid as an ally
  9167 | D:9      | Reached skill level 10 in Fighting
  9167 | D:9      | Reached skill level 5 in Invocations
  9170 | D:9      | Reached skill level 1 in Armour
  9178 | D:9      | Reached **** piety under Beogh
 10013 | D:10     | Entered Level 10 of the Dungeon
 10258 | D:10     | Noticed Harold
 10259 | D:10     | Noticed a two-headed ogre
 10259 | D:10     | Noticed a gargoyle
 10264 | D:10     | Killed Harold
 10268 | D:10     | Killed a gargoyle
 10269 | D:10     | Reached XP level 11. HP: 41/99 MP: 14/14
 10269 | D:10     | Killed a two-headed ogre
 10273 | D:10     | Gained Olfik as an ally
 10491 | D:10     | Reached skill level 5 in Armour
 10884 | D:11     | Noticed an oklob plant
 10921 | D:11     | Noticed a white ugly thing
 10928 | D:11     | Killed a white ugly thing
 11019 | D:11     | Noticed a boulder beetle
 11043 | D:11     | Killed a boulder beetle
 11096 | D:11     | Found a staircase to the Orcish Mines.
 11344 | D:3      | Bought the +9 chain mail "Erexzyl" {Str+4} for 713 gold
                  | pieces
 11536 | D:11     | Reached skill level 5 in Dodging
 11702 | D:11     | Found a staircase to the Lair.
 11711 | D:11     | Killed an oklob plant
 11916 | Lair:1   | Entered Level 1 of the Lair of Beasts
 11972 | Lair:1   | Found a gate leading to a gauntlet.
 11990 | Gauntlet | Entered a Gauntlet
 11990 | Gauntlet | Found a transporter.
 11995 | Gauntlet | Found a transporter.
 11997 | Gauntlet | Found a transporter.
 12010 | Gauntlet | Found a transporter.
 12012 | Gauntlet | Found a transporter.
 12014 | Gauntlet | Noticed an entropy weaver
 12023 | Gauntlet | Found a transporter.
 12035 | Gauntlet | Noticed a hell beast
 12038 | Gauntlet | Found a transporter.
 12042 | Gauntlet | Found a transporter.
 12059 | Gauntlet | Noticed a wizard
 12062 | Gauntlet | Found a transporter.
 12064 | Gauntlet | Noticed a wizard
 12066 | Gauntlet | Found a transporter.
 12068 | Gauntlet | Found a transporter.
 12083 | Gauntlet | Found a runed translucent door.
 12090 | Gauntlet | Found a transporter.
 12120 | Gauntlet | Found a transporter.
 12122 | Gauntlet | Noticed a large abomination
 12124 | Gauntlet | Found a transporter.
 12211 | Gauntlet | Reached ***** piety under Beogh
 12319 | Gauntlet | Killed a large abomination
 12345 | Gauntlet | Identified the +1 pair of boots "Loiw" {Slay+3}
 12373 | Gauntlet | Noticed a minotaur
 12380 | Gauntlet | Killed a minotaur
 12381 | Gauntlet | Reached XP level 12. HP: 95/106 MP: 15/15
 12384 | Gauntlet | Identified the +5 whip of Alymmok {flame, *Noise rF+ Will+}
 12406 | Gauntlet | Reached skill level 1 in Shields
 12521 | Lair:1   | Noticed a six-headed hydra
 12532 | Lair:1   | Killed a six-headed hydra
 13001 | Lair:1   | Upgraded the game from 0.29-a0-468-ge57f7f99b4 to
                  | 0.29-a0-472-ge5599a681e
 13153 | Lair:1   | Noticed Nergalle
 14261 | Lair:2   | Found a staircase to the Shoals.
 14487 | Lair:2   | Found a hole to the Spider Nest.
 14717 | Lair:2   | Found a dark tunnel.
 14730 | Volcano  | Entered a volcano
 14767 | Volcano  | Reached XP level 13. HP: 104/122 MP: 19/19
 14916 | Volcano  | Found a bloodstained altar of Trog.
 14939 | Volcano  | Found a burning altar of Makhleb.
 15071 | Lair:2   | Reached ****** piety under Beogh
 15541 | Orc:1    | Entered Level 1 of the Orcish Mines
 16429 | Orc:2    | Entered Level 2 of the Orcish Mines
 16599 | Orc:2    | Reached skill level 10 in Armour
 16667 | Orc:2    | Found Tiam's Magic Scroll Boutique.
 16667 | Orc:2    | Found Juatenuo's Book Emporium.
 16668 | Orc:2    | Found Meunuow's Jewellery Emporium.
 16668 | Orc:2    | Found Zissymi's Book Shop.
 17039 | Lair:3   | Reached XP level 14. HP: 98/132 MP: 20/20
 17090 | Lair:3   | Noticed Rupert
 17091 | Lair:3   | Paralysed by Rupert for 5 turns
 17098 | Lair:3   | Paralysed by Rupert for 2 turns
 17105 | Lair:3   | Killed Rupert
 18086 | Lair:4   | Gained Warrok as an ally
 18614 | Lair:4   | Reached skill level 15 in Fighting
 19203 | Lair:5   | Gained Berold as an ally
 19396 | Orc:2    | Paralysed by something for 3 turns
 19403 | Orc:2    | Reached skill level 10 in Invocations
 19422 | Orc:2    | Found a staircase to the Elven Halls.
 19466 | Orc:2    | Gained Brunolf as an ally
 19659 | Lair:5   | Reached skill level 1 in Evocations
 20091 | Lair:6   | Entered Level 6 of the Lair of Beasts
 20129 | Lair:6   | Gained Warbeogh as an ally
 20153 | Lair:6   | Found a frozen archway.
 20194 | IceCv    | Entered an ice cave
 20221 | IceCv    | Gained Hawl as an ally
 20231 | IceCv    | Your ally Hawl died
 20369 | IceCv    | Found an ancient bone altar of Kikubaaqudgha.
 20523 | IceCv    | Reached skill level 10 in Dodging
 20535 | IceCv    | Reached XP level 15. HP: 81/141 MP: 22/22
 20565 | IceCv    | Got the Compendium of the Doomed Glacier
 20957 | Orc:2    | Gained Olfik as an ally
 22267 | Lair:6   | Reached skill level 5 in Evocations
 22510 | Lair:6   | Found a staircase to the Slime Pits.
 22982 | Spider:1 | Entered Level 1 of the Spider Nest
 23459 | Spider:1 | You fall into a shaft and drop 1 floor!
 24353 | Shoals:1 | Entered Level 1 of the Shoals
 24367 | Shoals:1 | Reached XP level 16. HP: 100/160 MP: 20/23
 24876 | Shoals:1 | Gained Milork as an ally
 26546 | Shoals:2 | Gained Boruk as an ally
 26768 | D:11     | Identified 2 scrolls of acquirement
 26768 | D:11     | Acquired 937 gold pieces
 26770 | D:11     | Acquired 804 gold pieces
 26831 | Orc:2    | Bought the dreamshard necklace {*Dream Drain} for 3000 gold
                  | pieces
 26831 | Orc:2    | Found the dreamshard necklace {*Dream Drain}
 27297 | Shoals:2 | Noticed a kraken
 27302 | Shoals:2 | Your ally Brunolf died
 27304 | Shoals:2 | Killed a kraken
 27304 | Shoals:2 | Gained Warrok as an ally
 28719 | Spider:3 | Reached skill level 15 in Invocations
 29691 | Spider:3 | Reached XP level 17. HP: 157/170 MP: 1/29
 30369 | Spider:3 | Noticed Bai Suzhen
 30377 | Spider:3 | Killed Bai Suzhen
 30379 | Spider:3 | Your ally Brunolf died
 32648 | D:8      | Identified the ring of Spontaneous Combustion {Contam rF+
                  | rC+ Str+5}
 33655 | D:13     | Found a gate to the Vaults.
 33753 | D:13     | Identified the +0 leather armour "Wuschyer" {Slay+4}
 35263 | D:14     | Found Sadoch's One-of-a-Kind Rings.
 36534 | D:14     | Reached skill level 5 in Shields
 36885 | D:15     | Entered Level 15 of the Dungeon
 37254 | D:15     | Your ally Brunolf died
 37330 | D:15     | Reached XP level 18. HP: 172/178 MP: 32/32
 37400 | D:15     | Found a staircase to the Depths.
 37694 | D:15     | Found Onecs's General Store.
 37996 | D:11     | Acquired 690 gold pieces
 38911 | Depths:1 | Entered Level 1 of the Depths
 38942 | Depths:1 | Reached skill level 10 in Shields
 39276 | Depths:1 | Found a one-way gate to the infinite horrors of the Abyss.
 39476 | Depths:1 | Paralysed by a vampire knight for 3 turns
 39485 | Depths:1 | Gained Ortolf as an ally
 39673 | Depths:1 | Your ally Ortolf died
 40298 | Depths:1 | Your ally Milork died
 40305 | Depths:1 | Found a radiant altar of Vehumet.
 40305 | Depths:1 | Noticed Boris
 40313 | Depths:1 | Killed Boris
 40344 | Depths:1 | Found a gateway to Hell.
 40748 | Depths:1 | Your ally Warrok died
 41468 | Shoals:4 | Entered Level 4 of the Shoals
 41468 | Shoals:4 | Noticed Ilsuiw
 41538 | Shoals:4 | Noticed Aizul
 41649 | Shoals:3 | Killed Ilsuiw
 41779 | Shoals:3 | Killed Aizul
 45445 | Shoals:4 | Reached XP level 19. HP: 188/190 MP: 34/34
 45457 | Shoals:4 | Identified the ring of Udefec {Fly AC+4 Int+2}
 46890 | Shoals:4 | Got a barnacled rune of Zot
 47318 | Shoals:4 | Your ally Olfik died
 47642 | Shoals:4 | Gained Margrim as an ally
 47654 | Shoals:4 | Identified the ring of Sirusufi {rPois rC+ Stlth+}
 48211 | Spider:4 | Entered Level 4 of the Spider Nest
 48211 | Spider:4 | Identified Roxanne's Almanac of Earth
 48211 | Spider:4 | Noticed Roxanne
 48226 | Spider:4 | Killed Roxanne
 49040 | Spider:4 | Identified the +1 kite shield of Thoughtfulness {Int+4}
 49040 | Spider:4 | Noticed Donald
 49050 | Spider:4 | Killed Donald
 49300 | Spider:4 | Your ally Berold died
 49844 | Spider:4 | Gained Argrim as an ally
 50088 | Spider:4 | Noticed Arachne
 50113 | Spider:4 | Killed Arachne
 51267 | Spider:4 | Got a gossamer rune of Zot
 51627 | Orc:2    | Bought a scroll of acquirement for 572 gold pieces
 51628 | Orc:2    | Acquired the +8 orange crystal plate armour {Archmagi,
                  | Int+3 Clar}
 51628 | Orc:2    | Found the +8 orange crystal plate armour {Archmagi, Int+3
                  | Clar}
 51680 | Elf:1    | Entered Level 1 of the Elven Halls
 52096 | Elf:1    | Noticed Jorgrun
 52104 | Elf:1    | Killed Jorgrun
 53448 | Vaults:1 | Entered Level 1 of the Vaults
 53778 | Vaults:1 | Gained Bogbrand as an ally
 53835 | Vaults:1 | Noticed Boris
 53843 | Vaults:1 | Reached XP level 20. HP: 147/200 MP: 35/35
 53846 | Vaults:1 | Killed Boris
 54182 | Vaults:1 | Cast into level 2 of the Abyss (a wizard)
 54325 | Abyss:2  | Gained mutation: Your spells are a little easier to cast,
                  | but a little less powerful. [a neqoxec]
 54453 | Vaults:1 | Escaped the Abyss
 55033 | Vaults:1 | Reached skill level 15 in Shields
 56356 | Vaults:2 | Gained Wulfoc as an ally
 56362 | Vaults:2 | Gained Borgk as an ally
 56390 | Vaults:2 | HP: 5/200 [vault warden/bolt (9)]
 56394 | Vaults:2 | Your ally Warrok died
 57151 | Vaults:2 | Found Cues Ogefapt's Antique Armour Shop.
 57300 | Vaults:2 | Found a staircase to the Crypt.
 57300 | Vaults:2 | Found a basalt altar of Yredelemnul.
 57300 | Vaults:2 | Found an ancient bone altar of Kikubaaqudgha.
 57336 | Vaults:2 | You are sucked into a shaft and drop 2 floors!
 59199 | Vaults:2 | Noticed Asterion
 59232 | Vaults:2 | Killed Asterion
 61315 | Vaults:2 | Found Cues Ogefapt's Antique Armour Shop.
 61397 | Vaults:2 | Found a staircase to the Crypt.
 61397 | Vaults:2 | Found a basalt altar of Yredelemnul.
 61398 | Vaults:2 | Found an ancient bone altar of Kikubaaqudgha.
 61977 | Vaults:3 | Reached skill level 15 in Armour
 62182 | Vaults:3 | Found a runed translucent gate.
 62182 | Vaults:3 | Found a runed translucent gate.
 62182 | Vaults:3 | Found an opulent altar of Gozag.
 62183 | Vaults:3 | Found a runed translucent gate.
 62184 | Vaults:3 | Found Heuriroh's Assorted Antiques.
 62184 | Vaults:3 | Noticed Gizecwe's ghost (adept DsMo)
 62227 | Vaults:3 | Killed Gizecwe's ghost
 63131 | Vaults:4 | Your ally Nergalle died
 63139 | Vaults:4 | Reached XP level 21. HP: 203/209 MP: 36/36
 63139 | Vaults:4 | Gained Wargrak as an ally
 65485 | Vaults:5 | Entered Level 5 of the Vaults
 65531 | Vaults:4 | Gained Geork as an ally
 65572 | Vaults:4 | Upgraded the game from 0.29-a0-472-ge5599a681e to
                  | 0.29-a0-474-gdfe5cd140f
 66653 | Vaults:4 | Learned a level 3 spell: Ozocubu's Armour
 66820 | Vaults:4 | Upgraded the game from 0.29-a0-474-gdfe5cd140f to
                  | 0.29-a0-483-g69413ace17
 67034 | Vaults:4 | Reached skill level 1 in Ice Magic
 67724 | Vaults:5 | Identified the +5 great sword "Zepnetull" {holy, +Blink
                  | rPois Will- Int+4}
 67923 | Vaults:5 | Blown up by a lich

Illustrated notes

Levels and vault maps discovered:
D:1:      dpeg_arrival_concentric_ovals, layout_basic,
          nicolae_ecumenical_snake_handling
D:2:      layout_basic
D:3:      kennysheep_six_static_rooms, layout_basic, amcnicky_altar_gilded,
          serial_shops, nicolae_shop_window_shopping
D:4:      layout_cave_pools, chequers_serial_rivers_micro_c, minivault_24,
          kennysheep_generic_room_3
D:5:      layout_loops_corners, uniq_blork_the_orc, uniq_ijyb
D:6:      nicolae_cairo_tiling_large_dashed, layout_loops_ring, temple_hall,
          nicolae_water_bricks, uniq_maggie, uniq_crazy_yiuf_cottage,
          uniq_sigmund
D:7:      layout_basic, eino_tiny_chamber, ebering_dispersal_statue_hall
D:8:      minmay_gate_of_8, layout_loops_ring, enter_bailey_3
D:9:      layout_long_grid, chequers_serial_rivers_large_b, hex_large,
          kennysheep_small_square, uniq_erolcha, uniq_joseph
D:10:     layout_gridville, serial_bayou_pond_e, uniq_harold
D:11:     layout_basic, dpeg_oklobed_lair, orc_david_3
D:12:     layout_cross
D:13:     minmay_ornate_pinched, layout_basic, skrybe_vaults_entry_preservation
D:14:     layout_stronghold, kennysheep_cross_room, kennysheep_donut,
          nicolae_shop_unique_rings
D:15:     gammafunk_depths_entry_grave, layout_basic, hangedman_glass_teeth,
          serial_shops, shop, st_stairs_7
Temple:   mainiacjoe_temple_circle_huts
Lair:1:   layout_roguey, gauntlet_entry_generic, serial_bayou_shore_b,
          wad_woods_river_01, grunt_megastairs_2, lemuel_fruit_tree,
          uniq_nergalle
Lair:2:   layout_regular_city, shoals_dummy_entry, spider_nest_entry_webs,
          nicolae_volcano_entry_batcave
Lair:3:   layout_small_grid, infiniplex_staircase_pool_2, grunt_megastairs_1,
          uniq_rupert
Lair:4:   layout_loops_ring, infiniplex_staircase_pool
Lair:5:   beast_lair_carwin_large_2, layout_small_grid
Lair:6:   minmay_lair_end_frog_pond, layout_regular_city,
          minmay_slime_entry_oklob_enclosed, portal_ice_cave_entry_imps
Shoals:1: layout_shoals, nicolae_shoals_this_corrosion
Shoals:2: layout_shoals, nicolae_shoals_wave_tunnel
Shoals:3: layout_shoals
Shoals:4: shoals_end_grunt_ice, layout_shoals, shoal_ilsuiw, uniq_aizul
Spider:1: layout_cave_pods
Spider:2: layout_spider_delve
Spider:3: layout_spider_delve, uniq_bai_suzhen
Spider:4: hellmonk_spider_rune_endless_swarm, guppyfry_spider_mini_2,
          uniq_donald, uniq_roxanne, uniq_arachne
Orc:1:    hellmonk_paralyzer, layout_caves, roderic_batcave
Orc:2:    st_orc_ogre_mass, layout_diamond_mine, mines_bat_river
Elf:1:    eino_elf_arrival_sip, layout_onion_city, evilmike_minifort,
          uniq_jorgrun
Vaults:1: nicolae_vaults_theta, hangedman_vaults_slice, hangedman_vaults_hat,
          nicolae_vaults_little_squares_4, vaults_dpeg_diagonal,
          nicolae_vaults_hallways_thing, v_misc_5, vaults_room_semicircle,
          ontoclasm_vaults_ligature, v_misc_22, ontoclasm_vaults_idyll,
          hangedman_vaults_locks, vaults_dpeg_ring, layout_vaults_omnigrid
Vaults:2: vaults_room_semicircle, v_misc_9, st_lines,
          nicolae_vaults_little_squares_3, nicolae_vaults_little_squares_4,
          minmay_crypt_entry_necro_gods, ontoclasm_vaults_ring_large,
          hangedman_vaults_impose, nicolae_vaults_little_squares_2,
          grunt_vaults_hallway_long, nicolae_vaults_angled_halls,
          dpeg_vaults_monster_box, v_alt_pattern_2,
          ontoclasm_vaults_ring_square, ontoclasm_vaults_gateway,
          layout_vaults_ring, serial_shops, shop, uniq_asterion
Vaults:3: ebering_ghost_gozag, nicolae_vaults_holding_cells,
          nicolae_vaults_ninety_degrees, v_rooms_3, v_misc_8,
          vaults_room_corners, ontoclasm_vaults_claustrophobia,
          ontoclasm_vaults_twist, nicolae_vaults_yaktaur_gun_rack,
          layout_vaults_chaotic_city
Vaults:4: nicolae_vaults_theta, vaults_dpeg_hooks, nicolae_vaults_triangles,
          ontoclasm_vaults_shuriken, v_misc_15, hangedman_vaults_maws,
          v_rooms_5, nicolae_vaults_shelves_hall,
          nicolae_vaults_big_angled_halls, layout_vaults_omnibox
Vaults:5: serial_shops
Depths:1: evilmike_halls_of_destruction, layout_gridlike, grunt_decor_cap,
          hell_entry, hangedman_abyss_entry_splay, kennysheep_potato,
          grunt_megastairs_5

Skill      XL: |  1  2  3  4  5  6  7  8  9 10 11 12 13 14 15 16 17 18 19 20 21 |
---------------+----------------------------------------------------------------+-----
Axes           | 5 6 7 8 9 10 13 15 16 19 20 | 20.0
Fighting       | 4 5 6 7 8 10 13 14 15 19 20 21 22 23 | 23.0
Invocations    | 2 3 5 8 9 10 16 20 22 23 | 23.0
Armour         | 4 5 10 15 | 15.0
Dodging        | 4 5 6 10 | 10.0
Shields        | 4 8 10 14 15 | 15.0
Evocations     | 2 5 9 |  9.0
Ice Magic      | 2 |  2.9
Stealth        | |  1.5

Action                   |  1- 3 |  4- 6 |  7- 9 | 10-12 | 13-15 | 16-18 | 19-21 || total
-------------------------+-------+-------+-------+-------+-------+-------+-------++-------
Melee: Hand axe          |   124 |   113 |       |       |       |       |       ||   237
       Punch             |       |     3 |     3 |       |       |       |       ||     6
       War axe           |       |    46 |   177 |    32 |       |       |       ||   255
       Mace              |       |       |    80 |    28 |    26 |    20 |       ||   154
       Battleaxe         |       |       |       |   171 |       |       |       ||   171
       Broad axe         |       |       |       |   150 |   702 |   877 |   923 ||  2652
Throw: Dart              |       |     3 |     8 |       |       |       |       ||    11
Invok: Convert to Beogh  |       |       |     1 |       |       |       |       ||     1
       Recall Orcish Fol |       |       |       |    10 |    18 |    39 |    38 ||   105
       Stop Recall       |       |       |       |     5 |     8 |    19 |    19 ||    51
       Give Item to Name |       |       |       |     3 |     5 |     3 |     7 ||    18
       Resurrection      |       |       |       |       |     2 |     3 |     2 ||     7
       Smiting           |       |       |       |       |       |    17 |    21 ||    38
Evoke: Wand              |       |       |       |     2 |     1 |     6 |     7 ||    16
  Use: Potion            |       |     1 |     2 |     6 |       |    18 |     9 ||    36
       Scroll            |       |       |    18 |     8 |     7 |    14 |     4 ||    51
 Stab: Distracted        |       |       |       |     3 |     9 |     9 |    20 ||    41
       Confused          |       |       |       |       |     1 |       |       ||     1
Armor: Scale mail        |    40 |       |       |       |       |       |       ||    40
       Robe              |     2 |       |       |       |       |       |       ||     2
       Plate armour      |    19 |    37 |       |       |       |       |       ||    56
       Chain mail        |       |     9 |       |   110 |   325 |   613 |   149 ||  1206
       Ring mail         |       |    28 |    84 |    60 |       |       |       ||   172
       Crystal plate arm |       |       |       |       |       |       |   490 ||   490
Dodge: Dodged            |    65 |    70 |   177 |   249 |   416 |   621 |   276 ||  1874
Block: Buckler           |       |       |       |    43 |   220 |   328 |    45 ||   636
       Kite shield       |       |       |       |       |       |       |   605 ||   605

Table legend: (Time is in decaauts)
 A = Elapsed time spent in this place.
 B = Non-inter-level travel time spent in this place.
 C = Inter-level travel time spent in this place.
 D = Time resting spent in this place.
 E = Time spent auto-exploring this place.
 F = Levels seen in this place.
 G = Mean time per level.
                   A        B        C        D        E       F      G
               +--------+--------+--------+--------+--------+-----+--------+
         Total |  67935 |  55042 |  12893 |  12784 |  16123 |  44 | 1544.0 |
       Dungeon |  19705 |  14771 |   4934 |   1855 |   8606 |  15 | 1313.7 |
        Temple |    182 |    175 |      7 |      0 |      0 |   1 |  182.0 |
          Lair |  11391 |   7718 |   3673 |    269 |   3092 |   6 | 1898.5 |
        Shoals |   9628 |   8677 |    951 |   3968 |      7 |   4 | 2407.0 |
   Spider Nest |   6666 |   5880 |    786 |   2394 |    641 |   4 | 1666.5 |
  Orcish Mines |   2300 |   1890 |    410 |      0 |    798 |   2 | 1150.0 |
   Elven Halls |   1592 |   1539 |     53 |    195 |    119 |   1 | 1592.0 |
        Vaults |  12708 |  10629 |   2079 |   2804 |   2818 |   5 | 2541.6 |
        Depths |   1797 |   1797 |      0 |   1125 |      0 |   1 | 1797.0 |
         Abyss |    253 |    253 |      0 |     48 |      0 |   1 |  253.0 |
        Bailey |    576 |    576 |      0 |    100 |      0 |   1 |  576.0 |
      Ice Cave |    462 |    462 |      0 |     26 |     42 |   1 |  462.0 |
       Volcano |    250 |    250 |      0 |      0 |      0 |   1 |  250.0 |
      Gauntlet |    419 |    419 |      0 |      0 |      0 |   1 |  419.0 |
               +--------+--------+--------+--------+--------+-----+--------+

Top non-repeatable levels by time:
  Lair:1: 5582 daAuts
Shoals:3: 4191 daAuts
Vaults:2: 3583 daAuts
Vaults:4: 3384 daAuts
Vaults:1: 2684 daAuts
Shoals:4: 2375 daAuts
Vaults:3: 2203 daAuts
  Lair:2: 2200 daAuts
Spider:4: 2025 daAuts
    D:14: 2022 daAuts
Spider:3: 1979 daAuts
    D:11: 1970 daAuts
Depths:1: 1797 daAuts
     D:8: 1604 daAuts
   Elf:1: 1592 daAuts
